 Dungeon Crawl Stone Soup version 0.31-a0-771-g505c3d19dc (webtiles) character file.

Game seed: 12773019785868618287

88 Zonian the Covered (level 4, 0/40 HPs)
             Began as an Armataur Fighter on Sept 16, 2023.
             Slain by an orc
             ... wielding a +0 war axe
              (7 damage)
             ... on level 3 of the Dungeon.
             The game lasted 00:02:15 (1474 turns).

Zonian the Covered (Armataur Fighter)               Turns: 1474, Time: 00:02:15

Health: 0/40       AC:  7    Str: 28    XL:     4   Next: 29%
Magic:  4/4        EV:  7    Int:  8    God:
Gold:   169        SH:  4    Dex: 11    Spells: 3/3 levels left

rFire   . . .        a - +0 long sword
rCold   . . .        c - +0 buckler
rNeg    + . .        b - +0 scale mail
rPois   .            (no helmet)
rElec   .            (no cloak)
rCorr   .            (no gloves)
SInv    .            (no barding)
Will    .....        (no amulet) Stlth
                     m - +6 ring of strength
HPRegen 0.26/turn    e - ring of positive energy
MPRegen 0.09/turn

%: roll
@: no status effects
A: large, rugged brown scales 3, deformed body, armoured tail, roll, long
tongue, awkward tongue
a: no special abilities


You were on level 3 of the Dungeon.
You visited 1 branch of the dungeon, and saw 3 of its levels.

You collected 169 gold pieces.

Inventory:

Hand Weapons
 a - a +0 long sword (weapon)
Armour
 b - a +0 scale mail (worn)
 c - a +0 buckler (worn)
Jewellery
 e - a ring of positive energy (right hand)
 m - a +6 ring of strength (left hand)
Scrolls
 g - 2 scrolls of vulnerability {unknown}
 h - 3 scrolls of identify {unknown}
 i - a scroll of enchant weapon {unknown}
 j - 3 scrolls of teleportation {unknown}
 l - a scroll of amnesia {unknown}
Potions
 d - a potion of might
 f - 2 potions of curing {unknown}
 k - a potion of brilliance {unknown}


   Skills:
 + Level 3.3 Fighting
 + Level 2.5 Long Blades
 + Level 4.4 Armour
 + Level 4.0 Shields


You had 3 spell levels left.
You didn't know any spells.
Your spell library contained the following spells:

 Spells                   Type           Power      Damage    Failure   Level
 Inner Flame              Hex/Fire       0%         N/A       97%         3
 Yara's Violent Unravell  Hex/Tmut       0%         3d3       100%        5
 Enfeeble                 Hex            0%         N/A       100%        7


Dungeon Overview and Level Annotations

Branches:
Dungeon (3/15)

Altars:
Vehumet

Shops:
D:1 (

Annotations:
D:3 exclusion: statue


Innate Abilities, Weirdness & Mutations

You are completely covered in rugged brown scales. (AC +3, +7% HP)
Armour fits poorly on your strangely shaped body.
You have a long armoured tail.
You roll when moving toward enemies. (Rampage)
Your long tongue fully drains potion bottles. (2x potion effects)
Your tongue gives you trouble enunciating. (1.5x scroll delay)


Message History

You hit the giant cockroach.
Your tail-slap misses the giant cockroach.
The giant cockroach is almost dead.
The giant cockroach bites you but does no damage.
An orc comes into view. It is wielding a +0 flail.
The orc priest looks braver for a moment.
The giant cockroach barely misses you.
You slash the giant cockroach!
You kill the giant cockroach!
The orc hits you with a +0 war axe.
You hit the orc priest.
The orc priest is heavily wounded.
The orc completely misses you.
The orc priest mumbles some strange prayers to Beogh against you.
Pain shoots through your body! The orc priest hits you with a +0 club.
The orc closely misses you.
You closely miss the orc priest.
Your tail-slap misses the orc priest.
The orc priest is lightly wounded.
You block the orc priest's attack. The orc priest misses you.
The orc barely misses you.
Unknown command.
You slash the orc priest!
The orc priest is almost dead.
The orc priest completely misses you. The orc priest hits you with a +0 mace.
The orc completely misses you.
Unknown command.
You hit the orc priest.
You kill the orc priest!
The orc barely misses you. The orc priest hits you with a +0 mace!
* * * LOW HITPOINT WARNING * * *
You block the orc's attack.
Your Shields skill increases to level 4!
You have reached level 4!
You feel stronger.
You hit the orc priest. You tail-slap the orc priest!
You kill the orc priest!
The orc hits you with a +0 flail.
* * * LOW HITPOINT WARNING * * *
The orc hits you with a +0 war axe!
You die...

#.#................#
#.##.#########.#.#..
#....#..... #....##
#######......._.8
#.#####
..........#......
#.....#
######.#.#########.###.#
#...................
#..##...#. ...####.#
#..@)...# #.# #.o)o...#
#.# ......#...# #.#
###........# #.#
#..#.....# ##### #.#
#..#####.# #...###'# #..
.# #........ #.. #
#........ #........


You could see 2 orcs.

Vanquished Creatures
  2 orc priests (D:3)
  2 adders (D:2)
  A worm (D:3)
  A dart slug (D:2)
  A ball python (D:2)
  3 bats
  3 endoplasms (D:2)
  3 giant cockroaches
  2 goblins (D:2)
  A hobgoblin (D:2)
  8 jackals (D:2)
  4 kobolds
  2 frilled lizards
  2 rats
35 creatures vanquished.

Notes
Turn   | Place    | Note
-------+----------+-------------------------------------------
     0 | D:1      | Zonian the Armataur Fighter began the quest for the Orb.
     0 | D:1      | Reached XP level 1. HP: 19/19 MP: 1/1
    72 | D:1      | Found Ycupp's Weapon Shop.
   525 | D:2      | Reached XP level 2. HP: 24/26 MP: 2/2
   697 | D:2      | Reached XP level 3. HP: 33/33 MP: 3/3
  1458 | D:3      | Found a radiant altar of Vehumet.
  1458 | D:3      | Noticed a frost-covered statue
  1474 | D:3      | Reached XP level 4. HP: 9/40 MP: 4/4
  1474 | D:3      | Slain by an orc

Illustrated notes

Levels and vault maps discovered:
D:1:      ldierk_walled_garden, layout_loops_cross, serial_shops, shop
D:2:      layout_loops_cross
D:3:      layout_basic, vehumet_statue,
          nicolae_gozag_cash_rules_everything_around_me,
          hellmonk_ecumenical_altar_arch_garden, uniq_natasha, uniq_grinder

Skill      XL: |  1  2  3 |
---------------+----------+-----
Long Blades    | 2 |  2.5
Fighting       | 3 |  3.3
Armour         | 4 |  4.4
Shields        | 4 |  4.0

Action                     |  1- 3 |  4- 6 || total
---------------------------+-------+-------++-------
  Melee: Long sword        |    97 |     1 ||    98
         Tailslap          |    10 |     1 ||    11
 Armour: Scale mail        |    88 |     2 ||    90
  Dodge: Dodged            |    47 |       ||    47
  Block: Buckler           |    24 |       ||    24

Table legend: (Time is in decaauts)
 A = Elapsed time spent in this place.
 B = Non-inter-level travel time spent in this place.
 C = Inter-level travel time spent in this place.
 D = Time resting spent in this place.
 E = Time spent auto-exploring this place.
 F = Levels seen in this place.
 G = Mean time per level.
                   A        B        C        D        E       F      G
               +--------+--------+--------+--------+--------+-----+--------+
         Total |   1503 |   1482 |     21 |      0 |   1248 |   3 |  501.0 |
       Dungeon |   1503 |   1482 |     21 |      0 |   1248 |   3 |  501.0 |
               +--------+--------+--------+--------+--------+-----+--------+

Top non-repeatable levels by time:
     D:2: 778 daAuts
     D:1: 523 daAuts
     D:3: 201 daAuts
